 Dungeon Crawl Stone Soup version 0.23-a0-607-g760965b (webtiles) character file.

19 galech the Skirmisher (level 2, -6/24 HPs)
             Began as a Demonspawn Fighter on Dec 20, 2018.
             Mangled by a worm (9 damage)
             ... on level 2 of the Dungeon.
             The game lasted 00:00:49 (968 turns).

galech the Skirmisher (Demonspawn Fighter)           Turns: 968, Time: 00:00:50

Health: -6/24      AC:  7    Str: 16    XL:     2   Next: 55%
Magic:  2/2        EV:  6    Int:  9    God:
Gold:   63         SH:  8    Dex: 12    Spells: 1/1 levels left

rFire    + . .     SeeInvis .   a - +0 war axe
rCold    x . .     Gourm    .   c - +0 shield
rNeg     . . .     Faith    .   b - +0 scale mail
rPois    .         Spirit   .   (helmet restricted)
rElec    .         Reflect  .   (no cloak)
rCorr    .         Harm     .   (no gloves)
MR       .....                  n - +0 pair of boots
Stlth    ..........             (no amulet)
HPRegen  0.08/turn              l - ring of fire
MPRegen  0.08/turn              (no ring)

@: no status effects
A: antennae 1
a: no special abilities


You were on level 2 of the Dungeon.
You were not hungry.

You visited 1 branch of the dungeon, and saw 2 of its levels.

You collected 63 gold pieces.

Inventory:

Hand Weapons
 a - a +0 war axe (weapon)
Armour
 b - a +0 scale mail (worn)
 c - a +0 shield (worn)
 n - a +0 pair of boots (worn)
Jewellery
 h - a +2 ring of dexterity {unknown}
 l - a ring of fire (left hand)
Scrolls
 e - 2 scrolls of remove curse {unknown}
 g - 3 scrolls of identify {unknown}
 j - a scroll of teleportation {unknown}
 k - a scroll of amnesia {unknown}
Potions
 d - a potion of might
 i - a potion of heal wounds {unknown}
 m - a potion of lignification {unknown}
 p - a potion of agility {unknown}
Comestibles
 f - 3 rations
 o - a chunk of flesh


   Skills:
 + Level 3.1 Fighting
 + Level 1.9 Axes
 + Level 2.9 Armour
 + Level 3.1 Shields


You had one spell level left.
You didn't know any spells.
Your spell library was empty.

Dungeon Overview and Level Annotations

Branches:
Dungeon (2/15)

Altars:


Innate Abilities, Weirdness & Mutations

You have a pair of small antennae on your head.


Message History

You are too injured to fight recklessly!
You are too injured to fight recklessly!
You are too injured to fight recklessly!
You are too injured to fight recklessly!
You are too injured to fight recklessly!
You are too injured to fight recklessly!
You are too injured to fight recklessly!
You are too injured to fight recklessly!
You are too injured to fight recklessly!
You are too injured to fight recklessly!
You are too injured to fight recklessly!
You are too injured to fight recklessly!
You hit the worm.
The worm is heavily wounded.
The worm bites you!
* * * LOW HITPOINT WARNING * * *
You slash the worm!
The worm is almost dead.
The worm bites you!
You die...

##...####
#..####.# #####
#.......#
##.###### #####.#
#.....# #.###.#
#.# #.##
##.######(#.....
.....Sw@.......#
.#.######.#.....#
#.##...## #..
..## #### .# #


You could see a worm and an adder.

Vanquished Creatures
  An orc (D:2)
  A giant cockroach (D:1)
  5 kobolds
  A quokka (D:2)
  A ball python (D:1)
  5 bats (D:1)
  A goblin (D:1)
  A rat (D:1)
16 creatures vanquished.

Notes
Turn   | Place    | Note
-------+----------+-------------------------------------------
     0 | D:1      | galech the Demonspawn Fighter began the quest for the Orb.
     0 | D:1      | Reached XP level 1. HP: 18/18 MP: 1/1
   292 | D:1      | Gained mutation: You have a pair of small antennae on your
                  | head. [demonic ancestry]
   292 | D:1      | Reached XP level 2. HP: 22/24 MP: 2/2
   968 | D:2      | Mangled by a worm

Vault maps used:
D:1:      minmay_arrival_solitary_statue, kennysheep_boxes

Skill      XL: |  1 |
---------------+----+-----
Shields        | 3 |  3.1
Fighting       | |  3.1
Axes           | |  1.9
Armour         | |  2.9

Action                   || total
-------------------------++-------
Melee: War axe           ||    76
Armor: Scale mail        ||    42
Dodge: Dodged            ||    24
Block: Shield            ||    59

Table legend:
 A = Non-vault XP
 B = Vault XP
 C = Vault XP percentage of total XP
 D = Non-vault monster count
 E = Vault monster count
 F = Vault count percentage of total count
                 A         B        C        D         E       F
            +---------+---------+-------+---------+---------+-------
      Total |      28 |       0 |   0.0 |      16 |       0 |   0.0
            +---------+---------+-------+---------+---------+-------
        D:1 |      21 |       0 |   0.0 |      13 |       0 |   0.0
        D:2 |       7 |       0 |   0.0 |       3 |       0 |   0.0
            +---------+---------+-------+---------+---------+-------
